 Dungeon Crawl Stone Soup version 0.21-a0-125-gb006224 (webtiles) character file.

23 HAL9000 the Sneak (level 3, 0/18 HPs)
             Began as a Vine Stalker Assassin on July 15, 2017.
             Slain by a hobgoblin
             ... wielding a +0 club
              (4 damage)
             ... on level 2 of the Dungeon.
             The game lasted 00:02:53 (838 turns).

HAL9000 the Sneak (Vine Stalker Assassin)            Turns: 838, Time: 00:02:53

Health: 0/18       AC:  3    Str: 14    XL:     3   Next: 0%
Magic:  0/4        EV: 11    Int: 11    God:
Gold:   50         SH:  0    Dex: 15    Spells: 2/2 levels left

rFire    . . .     SeeInvis .   o - +1 short sword (drain)
rCold    . . .     Gourm    .   (no shield)
rNeg     . . .     Faith    .   c - +0 robe
rPois    .         Spirit   +   (no helmet)
rElec    .         Reflect  .   d - +0 cloak
rCorr    .         Harm     .   (no gloves)
MR       .....                  (no boots)
Stlth    +++.......             (no amulet)
HPRegen  0.06/turn              (no ring)
MPRegen  0.09/turn              (no ring)

@: flying
A: fangs 2, magic shield, antimagic bite, no potion heal 3, rot immunity
a: no special abilities


You were on level 2 of the Dungeon.
You were not hungry.

You visited 1 branch of the dungeon, and saw 2 of its levels.

You collected 50 gold pieces.

Inventory:

Hand Weapons
 b - a +0 blowgun
 o - a +1 short sword of draining (weapon)
Missiles
 e - 8 poisoned needles
 f - 2 curare-tipped needles
 r - a throwing net (quivered)
Armour
 c - a +0 robe (worn)
 d - a +0 cloak (worn)
Scrolls
 h - 2 scrolls of amnesia {unknown}
 j - a scroll of teleportation {unknown}
 m - a scroll of identify {unknown}
 n - a scroll of blinking {unknown}
 p - a scroll of immolation {unknown}
Potions
 s - a potion of curing {unknown}
Comestibles
 g - 2 bread rations
 i - 2 royal jellies
 k - a meat ration


   Skills:
 - Level 1.7 Fighting
 + Level 3.0 Short Blades
 - Level 1.7 Throwing
 - Level 0.7 Dodging
 - Level 4.8 Stealth


You had 2 spell levels left.
You didn't know any spells.

Dungeon Overview and Level Annotations

Branches:
Dungeon (2/15)

Altars:


Innate Abilities, Weirdness & Mutations

You have extremely sharp teeth.
When hurt, damage is shared between your health and your magic reserves.
Your bite disrupts and absorbs the magic of your enemies.
Potions cannot restore your health.
You are immune to rotting.


Message History

Your experience leads to an increase in your attributes!
Increase (S)trength, (I)ntelligence, or (D)exterity?
You feel stronger.
You are too injured to fight recklessly!
You are too injured to fight recklessly!
An adder comes into view.
The hobgoblin hits you with a club.
* * * LOW HITPOINT WARNING * * *
You closely miss the hobgoblin. The hobgoblin barely misses you.
You barely miss the hobgoblin.
The adder hisses angrily.
You bite the hobgoblin. You drain its power.
You feel invigorated.
The hobgoblin is moderately wounded.
The hobgoblin hits you with a club.
* * * LOW HITPOINT WARNING * * *
You see here a fizzy puce potion.
It was a potion of flight.
You feel very buoyant.
You fly up into the air.
The hobgoblin hits you with a club.
You die...

#.####### #........
###########.####
........)......#..
######.#.#.##.#.#
#.#....#.#.#
#########.######.#.#
...............>.#.#
######.#.######@#.#
# #.#.# #g#.####...#
#.#.# #.S!........
#.#.# ###.####...#
######.#.#
#.....)...# #
#...##.#.#
#.####.##.#
#...##.#.# #.# #
#...##.# #.#
##...##.# #.#


You could see an adder and a hobgoblin.

Vanquished Creatures
  A dart slug (D:1)
  A leopard gecko (D:1)
  A giant cockroach (D:2)
  2 hobgoblins
  3 bats (D:1)
  A frilled lizard (D:1)
  5 goblins (D:1)
  3 kobolds (D:1)
  2 rats (D:1)
19 creatures vanquished.

Notes
Turn   | Place    | Note
-------+----------+-------------------------------------------
     0 | D:1      | HAL9000 the Vine Stalker Assassin began the quest for the Orb.
     0 | D:1      | Reached XP level 1. HP: 11/11 MP: 2/2
   287 | D:1      | Reached XP level 2. HP: 13/15 MP: 3/3
   830 | D:2      | Reached XP level 3. HP: 9/18 MP: 2/4
   838 | D:2      | Slain by a hobgoblin

Vault maps used:
D:1:      lightli_arrival_quake
D:2:      lemuel_zombie_altar_yredelemnul

Skill      XL: |  1  2 |
---------------+-------+-----
Short Blades   | 2 3 |  3.0
Fighting       | |  1.7
Throwing       | |  1.7
Dodging        | |  0.7
Stealth        | |  4.8

Action                   || total
-------------------------++-------
Melee: Short sword       ||    31
       Dagger            ||     3
       Bite              ||     6
  Use: Potion            ||     1
 Stab: Sleeping          ||     2
Armor: Robe              ||     7
Dodge: Dodged            ||    14
